cohdb
Replays
Latest Replays
All Replays
Popular Replays
Top Player Replays
Match Explorer
How It Works
Community
CoH3 Stats
Reddit
Sign in to upload your games and track your stats! →
Sign in with Steam
Match 45561689
Unlisted
Match 45561689
Overview
Messages
Build Orders
End
Construct Barracks
Selects Special Operations Battlegroup
Selects M29 Weasel Recon Vehicle
M29 Weasel Recon Vehicle
1⁄4-ton 4x4 Truck
1⁄4-ton 4x4 Truck
1⁄4-ton 4x4 Truck
Engineer Squad
Mechanized Support Center
1⁄4-ton 4x4 Truck
Construct Motor Pool
Designate Forward Repair Station
M8 Greyhound Armored Car
Selects Raiding Flares
Selects Smoke Screen
Selects SSF Commando Squad
SSF Commando Squad
M8 Greyhound Armored Car
M8 Greyhound Armored Car
M8 Greyhound Armored Car
M8 Greyhound Armored Car
SSF Commando Squad
Construct Weapon Support Center
Selects P-47 Anti-Infantry Loiter
Selects UNKNOWN (2162291)
Salvage Crew
Improved M9 Bazooka Rockets
是谁最爱吃哈基米
Bebop
始源的黄皮土狼
Under Taker
⁂ ☢ [12thGGR]HL008 ☢ ⁂
Spriggan
BooralKing
国足和国狗都是畜生
0
0
Comments
sign in to comment!
No comments posted yet!